| TOP OF THE 1ST |
|
Pittsburgh Pirates batting - Pitching for San Francisco Giants : RHP Dan Neumeier
|
|
Pitching: RHP Dan Neumeier
|
|
|
Batting: RHB Dan Gladden
|
0-0: Swinging Strike 0-1: Swinging Strike 0-2: Strikes out swinging
|
|
Batting: SHB Chili Davis
|
0-0: Swinging Strike 0-1: Fly out, F9 (Line Drive, 9, EV 96.9 MPH)
|
|
Batting: RHB Rennie Stennett
|
0-0: Fly out, F3 (Flyball, 3D, EV 80.6 MPH)
|
| Top of the 1st over - 0 runs, 0 hits, 0 errors, 0 left on base; Pittsburgh 0 - San Francisco 0 |
| BOTTOM OF THE 1ST |
|
San Francisco Giants batting - Pitching for Pittsburgh Pirates : RHP Kelly Downs
|
|
Pitching: RHP Kelly Downs
|
|
|
Batting: SHB Larry Reynolds
|
0-0: Ball 1-0: Bunted foul 1-1: SINGLE (Line Drive, 89S, EV 108.8 MPH)
|
|
Batting: LHB Ken Griffey Sr
|
0-0: Ball Larry Reynolds steals 2nd base 1-0: Fly out, F9 (Flyball, 9LM, EV 96.3 MPH) Runner from 2nd tags up, SAFE at 3rd, no throw by RF
|
|
Batting: LHB Keith Hernandez
|
0-0: Swinging Strike 0-1: Called Strike 0-2: Ball 1-2: Ball 2-2: Foul Ball, location: 2F 2-2: Ball 3-2: Foul Ball, location: 2F 3-2: Ground out 6-3 (Groundball, 6MD, EV 87.5 MPH) Larry Reynolds scores
|
|
Batting: RHB Phil Bailey
|
0-0: Ball 1-0: Called Strike 1-1: Ball 2-1: Ball 3-1: Base on Balls
|
|
Batting: RHB Don Slaught
|
0-0: Ball 1-0: Ball 2-0: Called Strike 2-1: Swinging Strike 2-2: Foul Ball, location: 2F 2-2: Strikes out swinging
|
| Bottom of the 1st over - 1 run, 1 hit, 0 errors, 1 left on base; Pittsburgh 0 - San Francisco 1 |
| TOP OF THE 2ND |
|
Pittsburgh Pirates batting - Pitching for San Francisco Giants : RHP Dan Neumeier
|
|
Batting: LHB Robert Lopez
|
0-0: Called Strike 0-1: Ball 1-1: Foul Ball, location: 2F 1-2: Ball 2-2: Ground out 6-3 (Groundball, 6, EV 103.1 MPH)
|
|
Batting: LHB Greg Walker
|
0-0: Foul Ball, location: 2F 0-1: Ball 1-1: Called Strike 1-2: Foul Ball, location: 2F 1-2: Ball 2-2: Ball 3-2: Strikes out swinging
|
|
Batting: RHB Mike C Brown
|
0-0: Called Strike 0-1: Ball 1-1: Ball 2-1: Swinging Strike 2-2: Strikes out swinging
|
| Top of the 2nd over - 0 runs, 0 hits, 0 errors, 0 left on base; Pittsburgh 0 - San Francisco 1 |
| BOTTOM OF THE 2ND |
|
San Francisco Giants batting - Pitching for Pittsburgh Pirates : RHP Kelly Downs
|
|
Batting: RHB Kevin Howard
|
0-0: Called Strike 0-1: Ball 1-1: Ball 2-1: Ball 3-1: Fly out, F9 (Flyball, 9, EV 93.1 MPH)
|
|
Batting: SHB Tyler O'Dell
|
0-0: Ball 1-0: Ball 2-0: Ball 3-0: Base on Balls
|
|
Batting: SHB Larry Milbourne
|
0-0: Foul Ball, location: 2F 0-1: Foul Ball, location: 2F 0-2: Grounds out, U3 (Groundball, 3L, EV 80.6 MPH)
|
|
Batting: RHB Dan Neumeier
|
0-0: Called Strike 0-1: Ball Wild Pitch! Tyler O'Dell to third 1-1: Swinging Strike 1-2: Foul Ball, location: 2F 1-2: Strikes out swinging
|
| Bottom of the 2nd over - 0 runs, 0 hits, 0 errors, 1 left on base; Pittsburgh 0 - San Francisco 1 |
| TOP OF THE 3RD |
|
Pittsburgh Pirates batting - Pitching for San Francisco Giants : RHP Dan Neumeier
|
|
Batting: SHB John Shelby
|
0-0: Ball 1-0: Called Strike 1-1: Foul Ball, location: 2F 1-2: Strikes out swinging
|
|
Batting: SHB Ron Oester
|
0-0: Ball 1-0: Foul Ball, location: 2F 1-1: Ball 2-1: Swinging Strike 2-2: Ball 3-2: Ground out 4-3 (Groundball, 34D, EV 103.8 MPH)
|
|
Batting: RHB Kelly Downs
|
0-0: Foul Ball, location: 2F 0-1: Ball 1-1: Foul Ball, location: 2F 1-2: Ball 2-2: Strikes out swinging
|
| Top of the 3rd over - 0 runs, 0 hits, 0 errors, 0 left on base; Pittsburgh 0 - San Francisco 1 |
| BOTTOM OF THE 3RD |
|
San Francisco Giants batting - Pitching for Pittsburgh Pirates : RHP Kelly Downs
|
|
Batting: SHB Larry Reynolds
|
0-0: Foul Ball, location: 2F 0-1: Swinging Strike 0-2: Ball 1-2: Foul Ball, location: 2F 1-2: Ball 2-2: Ground out 3-1 (Groundball, 34, EV 90.6 MPH)
|
|
Batting: LHB Ken Griffey Sr
|
0-0: Ball 1-0: Swinging Strike 1-1: Ball 2-1: SINGLE (Line Drive, 34, EV 111.3 MPH)
|
|
Batting: LHB Keith Hernandez
|
0-0: Ball 1-0: Ball 2-0: Fly out, F7 (Flyball, 78M, EV 98.8 MPH)
|
|
Batting: RHB Phil Bailey
|
0-0: Ball 1-0: Foul Ball, location: 2F 1-1: Called Strike Ken Griffey Sr steals 2nd base 1-2: Ball 2-2: Foul Ball, location: 2F 2-2: Foul Ball, location: 2F 2-2: SINGLE (Line Drive, 4MD, EV 95.0 MPH) Ken Griffey Sr to third Runner from 3rd tries for Home, SAFE, throw by CF to home Phil Bailey to second
|
|
Batting: RHB Don Slaught
|
0-0: Fly out, F7 (Flyball, 7S, EV 77.5 MPH)
|
| Bottom of the 3rd over - 1 run, 2 hits, 0 errors, 1 left on base; Pittsburgh 0 - San Francisco 2 |
| TOP OF THE 4TH |
|
Pittsburgh Pirates batting - Pitching for San Francisco Giants : RHP Dan Neumeier
|
|
Batting: RHB Dan Gladden
|
0-0: Ball 1-0: Called Strike 1-1: Ball 2-1: DOUBLE (Line Drive, 78D, EV 106.9 MPH)
|
|
Batting: SHB Chili Davis
|
0-0: Called Strike 0-1: Ground out 4-3 (Groundball, 4, EV 86.3 MPH) Dan Gladden to third
|
|
Batting: RHB Rennie Stennett
|
0-0: Swinging Strike 0-1: Fly out, F8 (Line Drive, 8RD, EV 88.8 MPH) Runner from 3rd tags up, SCORES, no throw by CF
|
|
Batting: LHB Robert Lopez
|
0-0: Ball 1-0: Swinging Strike 1-1: Ball 2-1: Ball 3-1: DOUBLE (Line Drive, 5D, EV 102.5 MPH)
|
|
Batting: LHB Greg Walker
|
0-0: Ball 1-0: Called Strike 1-1: Ground out 5-3 (Groundball, 56, EV 110.6 MPH)
|
| Top of the 4th over - 1 run, 2 hits, 0 errors, 1 left on base; Pittsburgh 1 - San Francisco 2 |
| BOTTOM OF THE 4TH |
|
San Francisco Giants batting - Pitching for Pittsburgh Pirates : RHP Kelly Downs
|
|
Batting: RHB Kevin Howard
|
0-0: Ball 1-0: Fly out, F8 (Line Drive, 8LD, EV 88.8 MPH)
|
|
Batting: SHB Tyler O'Dell
|
0-0: Called Strike 0-1: Ball 1-1: Ground out 4-3 (Groundball, 34D, EV 86.3 MPH)
|
|
Batting: SHB Larry Milbourne
|
0-0: Ball 1-0: SINGLE (Groundball, 56D, EV 108.1 MPH)
|
|
Batting: RHB Dan Neumeier
|
0-0: Foul Ball, location: 2F 0-1: Ball 1-1: Ball 2-1: Called Strike 2-2: Strikes out swinging, 2-3 out at first.
|
| Bottom of the 4th over - 0 runs, 1 hit, 0 errors, 1 left on base; Pittsburgh 1 - San Francisco 2 |
| TOP OF THE 5TH |
|
Pittsburgh Pirates batting - Pitching for San Francisco Giants : RHP Dan Neumeier
|
|
Batting: RHB Mike C Brown
|
0-0: Ball 1-0: Hit by Pitch
|
|
Batting: SHB John Shelby
|
0-0: Ball 1-0: Ball 2-0: Ball 3-0: Base on Balls Mike C Brown to second
|
|
Batting: SHB Ron Oester
|
0-0: Fly out, F7 (Flyball, 78D, EV 88.8 MPH)
|
|
Batting: RHB Kelly Downs
|
0-0: Sac Bunt to 3S - play at first, batter OUT! 3-4 Mike C Brown to third John Shelby to second
|
|
Batting: RHB Dan Gladden
|
0-0: Ground out 6-3 (Groundball, 6, EV 78.8 MPH)
|
| Top of the 5th over - 0 runs, 0 hits, 0 errors, 2 left on base; Pittsburgh 1 - San Francisco 2 |
| BOTTOM OF THE 5TH |
|
San Francisco Giants batting - Pitching for Pittsburgh Pirates : RHP Kelly Downs
|
|
Batting: SHB Larry Reynolds
|
0-0: Called Strike 0-1: Foul Ball, location: 2F 0-2: Ball 1-2: Ball 2-2: Foul Ball, location: 2F 2-2: Foul Ball, location: 2F 2-2: Strikes out looking
|
|
Batting: LHB Ken Griffey Sr
|
0-0: Fly out, F8 (Line Drive, 8LM, EV 96.9 MPH)
|
|
Batting: LHB Keith Hernandez
|
0-0: Called Strike 0-1: Ball 1-1: Ball 2-1: Foul Ball, location: 2F 2-2: SOLO HOME RUN (Flyball, 9D, EV 100.0 MPH), Distance : 378 ft
|
|
Batting: RHB Phil Bailey
|
0-0: Ground out 6-3 (Groundball, 6, EV 85.0 MPH)
|
| Bottom of the 5th over - 1 run, 1 hit, 0 errors, 0 left on base; Pittsburgh 1 - San Francisco 3 |
| TOP OF THE 6TH |
|
Pittsburgh Pirates batting - Pitching for San Francisco Giants : RHP Dan Neumeier
|
|
Batting: SHB Chili Davis
|
0-0: Ball 1-0: Ball 2-0: SINGLE (Line Drive, 7S, EV 89.4 MPH)
|
|
Batting: RHB Rennie Stennett
|
0-0: Ball 1-0: DOUBLE (Line Drive, 89D, EV 111.3 MPH) Chili Davis to third Runner from 3rd tries for Home, SAFE, throw by CF to trailing runner, SAFE at third!
|
|
Batting: LHB Robert Lopez
|
0-0: Ball 1-0: Fly out, F7 (Flyball, 7D, EV 99.4 MPH) Runner from 3rd tags up, SCORES, no throw by LF
|
|
Batting: LHB Greg Walker
|
0-0: Ball 1-0: Swinging Strike 1-1: Fly out, F9 (Line Drive, 9, EV 91.3 MPH)
|
|
Batting: RHB Mike C Brown
|
0-0: Called Strike 0-1: Ball 1-1: Foul Ball, location: 2F 1-2: Ground out 6-3 (Groundball, 6, EV 91.9 MPH)
|
| Top of the 6th over - 2 runs, 2 hits, 0 errors, 0 left on base; Pittsburgh 3 - San Francisco 3 |
| BOTTOM OF THE 6TH |
|
San Francisco Giants batting - Pitching for Pittsburgh Pirates : RHP Kelly Downs
|
|
Batting: RHB Don Slaught
|
0-0: Called Strike 0-1: Foul Ball, location: 2F 0-2: Strikes out swinging
|
|
Batting: RHB Kevin Howard
|
0-0: Called Strike 0-1: Ball 1-1: Ball 2-1: Ball 3-1: Base on Balls
|
|
Batting: SHB Tyler O'Dell
|
0-0: Swinging Strike 0-1: Foul Ball, location: 2F 0-2: Strikes out swinging
|
|
Batting: SHB Larry Milbourne
|
0-0: TRIPLE (Groundball, 3L, EV 108.1 MPH) Kevin Howard scores
|
|
Batting: RHB Dan Neumeier
|
0-0: Called Strike 0-1: Swinging Strike 0-2: Foul Ball, location: 2F 0-2: Ball 1-2: Strikes out swinging
|
| Bottom of the 6th over - 1 run, 1 hit, 0 errors, 1 left on base; Pittsburgh 3 - San Francisco 4 |
| TOP OF THE 7TH |
|
Pittsburgh Pirates batting - Pitching for San Francisco Giants : RHP Dan Neumeier
|
|
Batting: SHB John Shelby
|
0-0: Foul Ball, location: 2F 0-1: Ground out 1-3 (Groundball, 13S, EV 72.5 MPH)
|
|
Batting: SHB Ron Oester
|
0-0: Ball 1-0: Ball 2-0: Ball 3-0: Called Strike 3-1: Base on Balls
|
|
Batting: RHB Kelly Downs
|
0-0: Sac Bunt to P - play at first, batter OUT! 1-4 Ron Oester to second
|
|
Batting: RHB Dan Gladden
|
0-0: Ball 1-0: Called Strike 1-1: Foul Ball, location: 2F 1-2: Fly out, F9 (Flyball, 9, EV 88.8 MPH)
|
| Top of the 7th over - 0 runs, 0 hits, 0 errors, 1 left on base; Pittsburgh 3 - San Francisco 4 |
| BOTTOM OF THE 7TH |
|
San Francisco Giants batting - Pitching for Pittsburgh Pirates : RHP Kelly Downs
|
|
Batting: SHB Larry Reynolds
|
0-0: Called Strike 0-1: Ball 1-1: Ball 2-1: SINGLE (Line Drive, 78M, EV 89.4 MPH)
|
|
Batting: LHB Ken Griffey Sr
|
0-0: Ball 1-0: Fielders Choice at 2nd, U6 (Groundball, 4M, EV 76.9 MPH)
|
|
Batting: LHB Keith Hernandez
|
0-0: Ball 1-0: Ball 2-0: Foul Ball, location: 2F 2-1: DOUBLE (Line Drive, 89D, EV 100.6 MPH) Ken Griffey Sr to third Runner from 3rd tries for Home, SAFE, throw by CF to trailing runner, SAFE at third!
|
|
Pitching: RHP Scott Lyman
|
|
|
Batting: RHB Phil Bailey
|
0-0: Called Strike 0-1: Called Strike 0-2: Fly out, F8 (Flyball, 8RD, EV 87.5 MPH) Runner from 3rd tags up, OUT at HOME! 8-2
|
| Bottom of the 7th over - 1 run, 2 hits, 0 errors, 0 left on base; Pittsburgh 3 - San Francisco 5 |
| TOP OF THE 8TH |
|
Pittsburgh Pirates batting - Pitching for San Francisco Giants : RHP Dan Neumeier
|
|
Batting: SHB Chili Davis
|
0-0: Ground out 4-3 (Groundball, 34D, EV 107.5 MPH)
|
|
Batting: RHB Rennie Stennett
|
0-0: Ball 1-0: Foul Ball, location: 2F 1-1: Ball 2-1: Ground out 6-3 (Groundball, 56, EV 81.3 MPH)
|
|
Batting: LHB Robert Lopez
|
0-0: Ground out 6-3 (Groundball, 6, EV 93.1 MPH)
|
| Top of the 8th over - 0 runs, 0 hits, 0 errors, 0 left on base; Pittsburgh 3 - San Francisco 5 |
| BOTTOM OF THE 8TH |
|
San Francisco Giants batting - Pitching for Pittsburgh Pirates : RHP Scott Lyman
|
|
Batting: RHB Don Slaught
|
0-0: Ball 1-0: Ball 2-0: Ball 3-0: Base on Balls
|
|
Batting: RHB Kevin Howard
|
0-0: Ball 1-0: Fielders Choice at 2nd, 6-4 (Groundball, 6M, EV 105.6 MPH)
|
|
Batting: SHB Tyler O'Dell
|
0-0: Ball 1-0: Ball 2-0: Foul Ball, location: 2F 2-1: Ground out 4-3 (Groundball, 4, EV 101.9 MPH) Kevin Howard to second
|
|
Batting: SHB Larry Milbourne
|
0-0: Foul Ball, location: 2F 0-1: Fly out, F8 (Flyball, 8LD, EV 91.9 MPH)
|
| Bottom of the 8th over - 0 runs, 0 hits, 0 errors, 1 left on base; Pittsburgh 3 - San Francisco 5 |
| TOP OF THE 9TH |
|
Pittsburgh Pirates batting - Pitching for San Francisco Giants : RHP Dan Neumeier
|
|
Now in CF: Doug Frobel
|
|
|
Batting: LHB Greg Walker
|
0-0: Called Strike 0-1: Ball 1-1: Ball 2-1: Foul Ball, location: 2F 2-2: Ball 3-2: Base on Balls
|
|
Batting: RHB Mike C Brown
|
0-0: Foul Ball, location: 2F 0-1: Ball 1-1: Fly out, F7 (Line Drive, 7D, EV 87.5 MPH)
|
|
Batting: SHB John Shelby
|
0-0: Called Strike 0-1: Ball 1-1: Fly out, F8 (Flyball, 8LD, EV 101.3 MPH)
|
|
Batting: SHB Ron Oester
|
0-0: Ground out 6-3 (Groundball, 6S, EV 75.6 MPH)
|
| Top of the 9th over - 0 runs, 0 hits, 0 errors, 1 left on base; Pittsburgh 3 - San Francisco 5 |
|